 Dungeon Crawl Stone Soup version 0.30.1-3-gfc49f6343a (webtiles) character file.

Game seed: 7006180952754870363

13 CaptainMV the Firebug (level 2, 0/22 HPs)
             Began as a Demonspawn Wanderer on Aug 7, 2023.
             Slain by a gnoll
             ... wielding a +0 club
              (6 damage)
             ... on level 1 of the Dungeon.
             The game lasted 00:03:45 (287 turns).

CaptainMV the Firebug (Demonspawn Wanderer)          Turns: 287, Time: 00:03:46

Health: 0/22       AC:  4    Str: 14    XL:     2   Next: 24%
Magic:  3/3        EV: 10    Int: 13    God:
Gold:   7          SH:  4    Dex: 10    Spells: 2/3 levels left

rFire   . . .        a - +0 club
rCold   + . .        b - +0 buckler
rNeg    . . .        f - +2 robe {rC+}
rPois   .            (no helmet)
rElec   .            (no cloak)
rCorr   .            (no gloves)
SInv    .            (no boots)
Will    .....        (no amulet)
Stlth   +            (no ring)
HPRegen 0.23/turn    (no ring)
MPRegen 0.08/turn

%: no passive effects
@: no status effects
A: demonic magic 1
a: no special abilities


You were on level 1 of the Dungeon.
You visited 1 branch of the dungeon, and saw 1 of its levels.

You collected 7 gold pieces.

Inventory:

Hand Weapons
 a - a +0 club (weapon)
Armour
 b - a +0 buckler (worn)
 d - a +0 leather armour
 f - a +2 robe of cold resistance (worn)
Scrolls
 e - a scroll of teleportation
Potions
 c - a potion of attraction
 g - a potion of haste {unknown}
 h - a potion of curing {unknown}


   Skills:
 + Level 2.1 Fighting
 + Level 1.0 Stealth
 + Level 2.1 Shields
 + Level 1.0 Unarmed Combat
 + Level 1.0 Spellcasting
 + Level 3.1 Fire Magic


You had 2 spell levels left.
You knew the following spells:

 Your Spells              Type           Power      Damage    Failure   Level
a - Foxfire               Conj/Fire      16%        2x1d4     21%         1

Your spell library contained the following spells:

 Spells                   Type           Power      Damage    Failure   Level
 Flame Wave               Conj/Fire      4%         2d5       90%         4
 Sticky Flame             Conj/Fire      4%         2d3       90%         4


Dungeon Overview and Level Annotations

Branches:
Dungeon (1/15)

Altars:


Innate Abilities, Weirdness & Mutations

Spells you cast may paralyse adjacent enemies.


Message History

You barely miss the quokka.
The quokka is moderately wounded.
The quokka closely misses you.
You hit the quokka but do no damage.
The quokka is moderately wounded.
The quokka closely misses you. x2
Your magical contamination has completely faded away.
You hit the quokka.
The quokka is heavily wounded.
The quokka bites you.
You miss the quokka.
The quokka is heavily wounded.
The quokka bites you. x2
You hit the quokka.
The quokka is almost dead.
The quokka bites you but does no damage.
You block the quokka's attack.
You hit the quokka but do no damage.
The quokka is almost dead.
The quokka bites you.
You closely miss the quokka.
The quokka is almost dead.
The quokka barely misses you.
The quokka bites you but does no damage.
You hit the quokka.
You kill the quokka!
Things that are here:
a +0 club; a goblin corpse A gnoll comes into view.
It is wielding a +0 club.
A rat comes into view.
The gnoll closely misses you.
You closely miss the gnoll. The gnoll hits you with a +0 club. x2
You hit the gnoll but do no damage. The gnoll hits you with a +0 club.
You closely miss the gnoll. The gnoll hits you with a +0 club.
You hit the gnoll.
The gnoll is moderately wounded.
The gnoll hits you with a +0 club.
* * * LOW HITPOINT WARNING * * *
The gnoll hits you with a +0 club.
You die...

#.#.###########.#
#.#
#.#.##..........#
#.#
#.#.##.#######..#
#.# #...##.# #..#
#.. #.####.# #..#
### #.#
#..####### #.#
#......... #.#
#......... #@#
#.........
#......g.#
#.........
#......r...
#.........
...##.#..###
#......... ##
#.#..# #.........
.....# #.........
## ##.#
#......... .#
.##.###.###.
............


You could see a gnoll and a rat.

Vanquished Creatures
  An endoplasm (D:1)
  A giant cockroach (D:1)
  3 goblins (D:1)
  2 hobgoblins (D:1)
  2 quokkas (D:1)
  A frilled lizard (D:1)
  A kobold (D:1)
11 creatures vanquished.

Vanquished Creatures (others)
  18 foxfires (D:1)
18 creatures vanquished.

Grand Total: 29 creatures vanquished

Notes
Turn   | Place    | Note
-------+----------+-------------------------------------------
     0 | D:1      | CaptainMV the Demonspawn Wanderer began the quest for the
                  | Orb.
     0 | D:1      | CaptainMV set off with the following items: a +0 club, a +0
                  | buckler, a potion of attraction, a +0 leather armour, a
                  | scroll of teleportation; and the following spell memorised:
                  | Foxfire; and the following spells available to memorise:
                  | Flame Wave, Sticky Flame.
     0 | D:1      | Reached XP level 1. HP: 16/16 MP: 2/2
    79 | D:1      | Reached skill level 3 in Fire Magic
   143 | D:1      | Gained mutation: Spells you cast may paralyse adjacent
                  | enemies. [demonic ancestry]
   143 | D:1      | Reached XP level 2. HP: 18/22 MP: 1/3
   287 | D:1      | Slain by a gnoll

Illustrated notes

Levels and vault maps discovered:
D:1:      dpeg_arrival_tiny_g, layout_loops_ring,
          ebering_ecumenical_altar_abandoned, st_stairs_12, minivault_11

Skill      XL: |  1 |
---------------+----+-----
Fire Magic     | 3 |  3.1
Shields        | 2 |  2.1
Fighting       | |  2.1
Stealth        | |  1.0
Unarmed Combat | |  1.0
Spellcasting   | |  1.0

Action                     || total
---------------------------++-------
  Melee: Club              ||    30
   Cast: Foxfire           ||    11
 Armour: Robe              ||     6
  Dodge: Dodged            ||    12
  Block: Buckler           ||     6
